 Dungeon Crawl Stone Soup version 0.28.0-49-g6dfe1f597d (webtiles) character file.

Game seed: 15103125709228074047

200 Zeld the Changer (level 5, 0/35 HPs)
             Began as an Octopode Transmuter on May 11, 2022.
             Slain by a quokka (4 damage)
             ... on level 4 of the Dungeon.
             The game lasted 00:02:54 (3885 turns).

Zeld the Changer (Octopode Transmuter)              Turns: 3885, Time: 00:02:55

Health: 0/35       AC:  1    Str: 11    XL:     5   Next: 78%
Magic:  9/9        EV: 13    Int: 16    God:
Gold:   129        SH:  0    Dex: 12    Spells: 3/9 levels left

rFire   . . .      SeeInvis .   j - +7 mace "Killer Klown's Peril" {vorpal, rElec rPois rCorr}
rCold   . . .      Faith    .   (no shield)
rNeg    . . .      Spirit   .   (helmet restricted)
rPois   +          Reflect  .   (no amulet)
rElec   +          Harm     .   c - ring of willpower
rCorr   +          Rampage  .   (no ring)
Will    +....                   (no ring)
Stlth   +++.......              (no ring)
HPRegen 0.11/turn               (no ring)
MPRegen 0.11/turn               (no ring)
                                (no ring)
                                (no ring)

@: no status effects
A: almost no armour, amphibious, 8 rings, camouflage 1, gelatinous body 1,
(nimble swimmer 1), tentacles
a: no special abilities


You were on level 4 of the Dungeon.
You visited 1 branch of the dungeon, and saw 4 of its levels.

You collected 129 gold pieces.

Inventory:

Hand Weapons
 j - the +7 mace "Killer Klown's Peril" (weapon) {vorpal, rElec rPois rCorr}
   (You found it on level 2 of the Dungeon)

   It inflicts extra damage upon your enemies.
   rElec:     It insulates you from electricity.
   rPois:     It protects you from poison.
   rCorr:     It protects you from acid and corrosion.
Jewellery
 c - a ring of willpower (left tentacle)
Scrolls
 a - a scroll of torment {unknown}
 b - 3 scrolls of vulnerability {unknown}
 d - a scroll of enchant weapon {unknown}
 e - a scroll of enchant armour {unknown}
 f - 3 scrolls of noise {unknown}
 g - a scroll of teleportation {unknown}
 i - a scroll of identify {unknown}
 m - a scroll of fog {unknown}
 n - a scroll of immolation {unknown}
Potions
 h - a potion of brilliance {unknown}
 k - a potion of magic {unknown}
 l - 2 potions of flight {unknown}


   Skills:
 * Level 2.5 Fighting
 + Level 2.6 Dodging
 + Level 2.1 Stealth
 - Level 3.0 Unarmed Combat
 * Level 2.9 Spellcasting
 * Level 3.1 Transmutations
 + Level 1.3 Ice Magic
 + Level 1.4 Poison Magic


You had 3 spell levels left.
You knew the following spells:

 Your Spells              Type           Power      Damage    Failure   Level
a - Beastly Appendage     Tmut           24%        N/A       5%          1
b - Wereblood             Tmut           12%        N/A       8%          2
c - Spider Form           Tmut/Pois      9%         N/A       22%         3

Your spell library contained the following spells:

 Spells                   Type           Power      Damage    Failure   Level
 Slow                     Hex            8%         N/A       19%         1
 Poisonous Vapours        Pois/Air       8%         N/A       22%         2
 Corpse Rot               Necr/Air       4%         N/A       28%         2
 Frozen Ramparts          Ice            12%        1d3       32%         3
 Call Canine Familiar     Summ           2%         N/A       50%         3
 Confusing Touch          Hex            2%         N/A       50%         3
 Portal Projectile        Hex/Tloc       4%         N/A       50%         3
 Vampiric Draining        Necr           2%         2d6       50%         3
 Ice Form                 Ice/Tmut       9%         N/A       58%         4
 Summon Ice Beast         Ice/Summ       4%         N/A       80%         4
 Leda's Liquefaction      Hex/Erth       1%         N/A       88%         4


Dungeon Overview and Level Annotations

Branches:
Dungeon (4/15)
 Temple: D:4-7

Altars:
Nemelex Xobeh
Trog
Uskayaw


Innate Abilities, Weirdness & Mutations

You cannot wear most types of armour.
You are amphibious.
You can wear up to eight rings at the same time.
Your skin changes colour to match your surroundings (Stealth+).
Your rubbery body absorbs attacks. (AC +1, EV +1)
((You are camouflaged when in or above water. (Stealth+)))
You have tentacles for arms and can constrict up to eight enemies at once.


Message History

You hit the orc wizard.
The orc wizard is heavily wounded.
You constrict the orc wizard, but do no damage.
The orc wizard closely misses you.
The orc throws a boomerang.
The boomerang hits you.
The orc wizard hits you with a +1 dagger of venom.
You are poisoned.
The orc closely misses you.
You thump the orc wizard!
You kill the orc wizard!
You feel sick. The orc closely misses you. The orc hits you with a +0 dagger.
Your Transmutations skill increases to level 3!
Unknown command.
You feel sick. The quokka bites you.
* * * LOW HITPOINT WARNING * * *
Items here: )) [ ††.
You feel sick.
The quokka bites you but does no damage.
You feel sick. The quokka barely misses you. The quokka bites you.
* * * LOW HITPOINT WARNING * * *
You feel sick.
You are no longer poisoned.
The orc barely misses you.
You hit the orc. You grab the orc. You squeeze the orc, but do no damage.
The orc is heavily wounded.
You constrict the orc.
The orc throws a boomerang.
The boomerang hits you.
* * * LOW HITPOINT WARNING * * *
The orc barely misses you.
Unknown command.
You release your grip on the orc.
You hit the orc.
You kill the orc!
You sock the orc!
You kill the orc!
The quokka twitches its whiskers.
You closely miss the quokka. You grab the quokka. You tentacle-slap the quokka.
The quokka is heavily wounded.
You constrict the quokka, but do no damage.
The quokka closely misses you. The quokka bites you.
You die...

##### #...#
#...# #...#
#...# #...# #
###...# .#
+@r...##.#
###...#..#
###.#..#
#....#
#.#..#####
#.r......
###.#..#.###.
#............
###)#..#.....


You could see a quokka.

Vanquished Creatures
  An orc wizard (D:4)
  A hound skeleton (D:4)
  4 gnolls (D:3)
  4 adders (D:3)
  An adder skeleton (D:3)
  A worm (D:2)
  6 dart slugs
  7 orcs
  8 ball pythons
  5 bats
  3 endoplasms
  6 giant cockroaches
  3 goblins
  2 hobgoblins (D:2)
  5 kobolds
  2 quokkas (D:1)
  2 frilled lizards (D:2)
  5 rats
66 creatures vanquished.

Vanquished Creatures (others)
  A fungus (D:2)
  A plant (D:2)
2 creatures vanquished.

Grand Total: 68 creatures vanquished

Notes
Turn   | Place    | Note
-------+----------+-------------------------------------------
     0 | D:1      | Zeld the Octopode Transmuter began the quest for the Orb.
     0 | D:1      | Reached XP level 1. HP: 13/13 MP: 3/3
   317 | D:1      | Reached XP level 2. HP: 13/18 MP: 1/5
   420 | D:1      | Learned a level 2 spell: Wereblood
  1384 | D:2      | Found a faded altar of an unknown god.
  1395 | D:2      | Reached XP level 3. HP: 23/23 MP: 4/6
  1399 | D:2      | Learned a level 3 spell: Spider Form
  2276 | D:2      | Identified the +7 mace "Killer Klown's Peril" {vorpal,
                  | rElec rPois rCorr}
  2303 | D:3      | Found a bloodstained altar of Trog.
  2344 | D:3      | Reached skill level 1 in Stealth
  2754 | D:3      | Found a hide-covered altar of Uskayaw.
  2779 | D:3      | Reached skill level 1 in Ice Magic
  2779 | D:3      | Reached XP level 4. HP: 26/29 MP: 4/7
  2783 | D:3      | Reached skill level 1 in Poison Magic
  2921 | D:3      | Noticed a +0 hand axe
  2921 | D:3      | Noticed a +0 dagger
  3271 | D:3      | Found a sparkling altar of Nemelex Xobeh.
  3507 | D:3      | Reached XP level 5. HP: 34/34 MP: 9/9
  3885 | D:4      | Slain by a quokka

Illustrated notes

Levels and vault maps discovered:
D:1:      mrwooster_arrival_statue_2, layout_loops_corners,
          chequers_serial_rivers_micro_d
D:2:      layout_basic, shapermc_ecumenical_altar_gd
D:3:      layout_loops_ring, dancing_weapons_uskayaw, marbit_many_paths,
          nemelex_dance_club_becter, st_stairs_2
D:4:      layout_basic, mainiacjoe_overflow_tiny_flanked,
          nicolae_dithmenos_the_darkroom, minmay_temple_entry_hall,
          chequers_avenue, kennysheep_generic_room_15

Skill      XL: |  1  2  3  4  5 |
---------------+----------------+-----
Stealth        | 1 2 |  2.1
Fighting       | 2 |  2.5
Ice Magic      | 1 |  1.3
Poison Magic   | 1 |  1.4
Transmutations | 3 |  3.1
Dodging        | |  2.6
Unarmed Combat | |  3.0
Spellcasting   | |  2.9

Action                   |  1- 3 |  4- 6 || total
-------------------------+-------+-------++-------
Melee: Unarmed           |    59 |       ||    59
       Kick              |    16 |       ||    16
       Constrict         |    23 |    16 ||    39
       Tentacles         |    18 |     8 ||    26
       Mace              |    12 |    47 ||    59
       Punch             |       |     1 ||     1
 Cast: Beastly Appendage |    22 |       ||    22
       Wereblood         |     2 |     1 ||     3
 Stab: Sleeping          |     9 |     4 ||    13
Armor: Skin              |     5 |     3 ||     8
Dodge: Dodged            |    43 |    50 ||    93
